 Dungeon Crawl Stone Soup version 0.31-a0-675-g238779eb0a (webtiles) character file.

Game seed: 16252026561347525612

328161 DocEon the Slayer (level 21, -26/216 HPs)
             Began as a Minotaur Berserker on Sept 6, 2023.
             Was the Champion of Trog.
             Killed from afar by an ironbound thunderhulk (34 damage)
             ... with a bolt of lightning
             ... on level 4 of the Vaults.
             The game lasted 00:46:48 (46531 turns).

DocEon the Slayer (Minotaur Berserker)             Turns: 46531, Time: 00:46:49

Health: -26/216    AC: 31    Str: 31    XL:     21   Next: 12%
Magic:  0/20       EV: 19    Int:  6    God:    Trog [******]
Gold:   1573       SH:  0    Dex: 16    Spells: 20/20 levels left

rFire   + + .        a - +8 frozen axe "Frostbite" {freeze, freezing cloud, *Noise Fly rC+}
rCold   + + +        (shield currently unavailable)
rNeg    + . .        O - +2 chain mail of Filigreed Miracles {Will+}
rPois   +            G - +1 hat
rElec   .            v - +1 cloak {rF+}
rCorr   +            T - +1 pair of gloves {infuse}
SInv    +            p - +3 pair of seven-league boots {Rampage+∞}
Will    ++++.        W - amulet "Ymuih" {RegenMP rPois rN+} Stlth
                     U - ring of Suadgha {Wiz rF+ rCorr}
HPRegen 1.56/turn    c - ring "Xoasodue" {rC+++ Str+6 Slay+5 SInv Stlth-}
MPRegen 0.57/turn

%: rampage+∞, wizardry (x1)
@: marked, strong-willed, flying, regenerating
A: horns 2, retaliatory headbutt
}: 1/15 runes: barnacled
a: Renounce Religion, Berserk, Trog's Hand, Brothers in Arms


You were on level 4 of the Vaults.
You worshipped Trog.
Trog was exalted by your worship.
You visited 7 branches of the dungeon, and saw 34 of its levels.
You visited the Abyss 1 time.
You visited 1 bazaar.
You also visited: Sewer, Gauntlet, Volcano and Wizlab.

You collected 4036 gold pieces.
You spent 2463 gold pieces at shops.

Inventory:

Hand Weapons
 a - the +8 frozen axe "Frostbite" (weapon) {freeze, freezing cloud, *Noise Fly rC+}
   (You bought it in a shop on level 2 of the Orcish Mines)

   rC+:       It protects you from cold.
   Fly:       It grants you flight.
   *Noise:    It may make a loud noise when swung.
 b - the +12 battleaxe "Gypel" {flame, +Blink rElec rN+++ Int-3}
   (Trog gifted it to you on level 14 of the Dungeon)

   Int-3:     It affects your intelligence (-3).
   rElec:     It insulates you from electricity.
   rN+++:     It renders you almost immune to negative energy.
   +Blink:    It lets you blink.
 e - a +3 antimagic executioner's axe
Missiles
 o - 15 javelins
 E - 64 boomerangs (quivered)
 L - 4 throwing nets
 V - 12 silver javelins
Armour
 p - the +3 pair of seven-league boots (worn) {Rampage+∞}
   (You found it on level 9 of the Dungeon)

   Rampage+∞: When moving toward enemies, its wearer moves as far as possible,
   alerting their target en route.
 v - a +1 cloak of fire resistance (worn)
 x - +3 fire dragon scales {Xtahua}
 G - a +1 hat (worn)
 O - the +2 chain mail of Filigreed Miracles (worn) {Will+}
   (You found it on level 14 of the Dungeon)

   Will+:     It increases your willpower.
 T - a +1 pair of gloves of infusion (worn)
Jewellery
 c - the ring "Xoasodue" (right hand) {rC+++ Str+6 Slay+5 SInv Stlth-}
   (You bought it in a shop on level 14 of the Dungeon)

   [ring of strength]

   Str+6:     It affects your strength (+6).
   Slay+5:    It affects your accuracy & damage with ranged weapons and melee
   (+5).
   rC+++:     It renders you almost immune to cold.
   SInv:      It lets you see invisible.
   Stlth-:    It makes you less stealthy.
 s - an amulet of guardian spirit
 z - a ring of willpower
 D - a ring of willpower
 J - a ring of magical power
 S - an amulet of reflection
 U - the ring of Suadgha (left hand) {Wiz rF+ rCorr}
   (You took it off a minotaur in a Gauntlet)

   [ring of wizardry]

   Wiz:       It improves your spell success rate.
   rF+:       It protects you from fire.
   rCorr:     It protects you from acid and corrosion.
 W - the amulet "Ymuih" (around neck) {RegenMP rPois rN+}
   (You found it on level 3 of the Crypt)

   [amulet of magic regeneration]

   RegenMP:   It increases your rate of magic regeneration.
   rPois:     It protects you from poison rN+: It protects you from negative
   energy.
Wands
 A - a wand of flame (3)
 B - a wand of roots (13)
 H - a wand of digging (8)
 I - a wand of charming (4)
 X - a wand of polymorph (10)
 Y - a wand of mindburst (7)
Scrolls
 d - 17 scrolls of teleportation
 j - 18 scrolls of identify
 w - 7 scrolls of enchant weapon
 y - 3 scrolls of poison
 K - 8 scrolls of fog
 M - 7 scrolls of blinking
 N - 3 scrolls of revelation
 P - a scroll of immolation
 Q - 3 scrolls of enchant armour
 R - 2 scrolls of fear
Potions
 f - 7 potions of magic
 g - 6 potions of enlightenment
 h - 8 potions of haste
 i - 3 potions of attraction
 k - 11 potions of curing
 l - 4 potions of ambrosia
 m - 2 potions of heal wounds
 n - 6 potions of mutation
 q - 7 potions of might
 r - 2 potions of cancellation
 t - 9 potions of lignification
 u - 3 potions of invisibility
 C - 5 potions of resistance
 F - a potion of brilliance


   Skills:
 * Level 24.9 Fighting
 + Level 23.5 Axes
 - Level 5.0 Throwing
 * Level 24.8 Armour
 + Level 16.6 Dodging


You had 20 spell levels left.
You didn't know any spells.
Your spell library was empty.

Dungeon Overview and Level Annotations

Branches:
Dungeon (15/15)            Temple (0/1) D:5            Lair (5/5) D:11
 Shoals (4/4) Lair:2        Snake (1/4) Lair:3        Slime (0/5) Lair:5
    Orc (2/2) D:9             Elf (0/3) Orc:2        Vaults (4/5) D:14
  Crypt (3/3) Vaults:3       Tomb (0/3) Crypt:3      Depths (0/4) D:15
  Sewer (visited)         Volcano (visited)          WizLab (visited)
Gauntlet (visited)

Altars:
Ashenzari
Hepliaklqana
Kikubaaqudgha
Qazlal
Uskayaw
Yredelemnul

Shops:
D:11 (   D:14 *   Orc:2 *([=[   Vaults:2 [


Innate Abilities, Weirdness & Mutations

You have a pair of horns on your head.
You reflexively headbutt those who attack you in melee.


Message History

A vault sentinel comes into view. It is wielding a +0 war axe.
The deep troll closely misses you. The deep troll barely misses you.
The deep troll completely misses you.
The yaktaur shoots a bolt.
The bolt hits you!
* * * LOW HITPOINT WARNING * * *
You slash the deep troll! You freeze the deep troll.
The deep troll is severely wounded.
The deep troll completely misses you. You furiously retaliate!
You headbutt the deep troll!!
You kill the deep troll!
Trog accepts your kill.
An ironbound thunderhulk comes into view.
It is wielding a +0 great mace.
You feel much better.
The yaktaur shoots a bolt.
The bolt hits you.
You slice the ironbound preserver!! You freeze the ironbound preserver!
The ironbound preserver is moderately wounded.
An ironbound thunderhulk comes into view.
It is wielding a +0 dire flail.
The ironbound preserver hits you with a +1 flail of holy wrath!
* * * LOW HITPOINT WARNING * * *
You hit the ironbound preserver. You freeze the ironbound preserver.
Your headbutt misses the ironbound preserver.
The ironbound preserver is moderately wounded.
You closely miss the ironbound thunderhulk.
You slash the yaktaur! You freeze the yaktaur.
You kill the yaktaur!
Trog accepts your kill.
You carve the ironbound preserver like a ham!!!
You freeze the ironbound preserver!
You headbutt the ironbound preserver, but do no damage.
The ironbound preserver is severely wounded.
You slash the ironbound thunderhulk! You freeze the ironbound thunderhulk.
A vault guard comes into view. It is wielding a +0 battleaxe of venom.
The ironbound thunderhulk hits you but does no damage.
Electricity crackles from the ironbound thunderhulk's apparatus.
The bolt of lightning hits you!!!
* * * LOW HITPOINT WARNING * * *
The ironbound preserver gestures wildly while chanting.
The ironbound preserver is healed somewhat.
Electricity crackles from the ironbound thunderhulk's apparatus.
The bolt of lightning hits you!!
You die...

#......)......#
#........Op...#
....#####+##O...#
.....#......#.)..######
.... #......#).........
... #......#p.).......
... #..<...#TT.)......
#......#pO).......
#..)...#@)).......
########).........
......)))........
......).........#
...............##
..............##
..............#
..............#
...............


You could see an ironbound preserver, 3 ironbound thunderhulks, a vault guard, 2
deep trolls and a vault sentinel.

Vanquished Creatures
  A dread lich (WizLab)
  Khufu (Crypt:3)
  Frederick (Vaults:2)
  Xtahua (Vaults:2)
  2 curse toes (Crypt:3)
  The ghost of Hyrrirob the Devastator, a veteran GrEE of Lugonu (Crypt:3)
  Norris (Vaults:3)
  Jory (Vaults:2)
  The ghost of Waukhla the Imperceptible, a veteran KoBr of Wu Jian (Crypt:1)
  Nikola (Vaults:1)
  Jorgrun (Shoals:2)
  3 liches
  Rupert (Lair:3)
  Asterion (Vaults:2)
  A sphinx (Vaults:3)
  Agnes (D:15)
  12 ancient champions (Crypt:3)
  Kirke (Lair:5)
  5 revenants
  2 fire giants (Vaults:2)
  12 vault wardens
  2 caustic shrike zombies (WizLab)
  3 curse skulls
  25 slime creatures
  5 ghouls
  An orc warlord (Vaults:3)
  A very ugly thing (Vaults:2)
  15 ironbound preservers
  A juggernaut skeleton (Crypt:1)
  8 ironbound thunderhulks
  2 formless jellyfish
  A deep elf demonologist (Vaults:4)
  9 vampire knights
  A minotaur (Gauntlet)
  A deep elf annihilator (Vaults:4)
  18 dire elephants
  2 merfolk javelineers
  6 eidola
  A green death (Abyss:2)
  4 deep elf death magi
  An ettin (Vaults:2)
  2 merfolk impalers (Shoals:4)
  5 mummy priests
  2 quicksilver dragon zombies (Crypt:3)
  A deep elf high priest (Vaults:1)
  9 jiangshi
  9 yaktaur captains
  3 great orbs of eyes
  A rakshasa (Abyss:2)
  2 ice dragons (Shoals:3)
  The ghost of bahustanut the Cleaver, a journeyman DsGl of Okawaru (D:11)
  A vault guard (Vaults:3)
  6 hydras
  7 ironbound frosthearts
  14 centaur warriors
  An alligator snapping turtle (Shoals:4)
  A peacekeeper (Vaults:3)
  8 merfolk aquamancers
  4 merfolk avatars
  6 boulder beetles
  A juggernaut simulacrum (Crypt:3)
  2 death knights
  3 satyrs
  A naga warrior (Abyss:2)
  2 sphinx skeletons
  A tengu warrior (D:14)
  7 two-headed ogres
  3 orc high priests (Orc:2)
  A thrashing horror (Abyss:2)
  5 death yaks
  9 vampire magi
  A hell knight (Abyss:2)
  The ghost of bigduke15 the Protected, a novice AtFi of Qazlal (D:9)
  A storm dragon zombie (WizLab)
  Urug (Lair:2)
  2 fire crabs (Shoals:2)
  2 soul eaters
  A shadow wraith (Crypt:3)
  A sixfirhy (Abyss:2)
  2 wretched stars (Abyss:2)
  9 skysharks
  26 skeletal warriors
  15 sea snakes
  34 deep trolls
  A bunyip zombie (Crypt:3)
  A swamp dragon (shapeshifter) (D:14)
  A spectral anaconda (Lair:5)
  3 large abominations (Abyss:2)
  2 obsidian statues
  2 flayed ghosts
  7 wizards
  A bog body (Crypt:3)
  A shadow dragon zombie (D:15)
  6 lindwurms
  A spriggan simulacrum (Crypt:3)
  4 deep elf pyromancers
  15 ironbound convokers
  7 necromancers
  2 iron dragon zombies (WizLab)
  13 phantasmal warriors
  11 orc knights
  26 harpies
  A deep elf zephyrmancer (D:14)
  2 stone giant zombies
  A frost giant zombie (WizLab)
  A tengu skeleton (Vaults:3)
  20 fauns
  A fire giant zombie (WizLab)
  5 orc sorcerers
  17 manticores
  17 ugly things
  10 cyclopes
  2 salamanders (Volcano)
  2 dire elephant zombies (Lair:5)
  An eleionoma skeleton (Crypt:3)
  A frost giant skeleton (Crypt:2)
  2 stone giant skeletons (Vaults:3)
  9 elephants (Lair:5)
  An ice statue (Gauntlet)
  2 fire giant skeletons
  3 black mambas
  An iron dragon skeleton (Crypt:3)
  13 merfolk sirens
  A guardian serpent (Abyss:2)
  A smoke demon (Abyss:2)
  A gargoyle (D:11)
  5 water nymphs
  8 vault sentinels
  A naga mage (Abyss:2)
  14 cane toads
  3 elf skeletons (Vaults:3)
  3 rime drakes
  A yellow draconian zombie (Crypt:3)
  A swamp worm zombie (Crypt:1)
  2 unseen horrors (D:12)
  3 spriggan zombies
  2 yaktaur skeletons
  5 komodo dragons
  51 yaktaurs
  3 freezing wraiths
  An ancient zyme (Abyss:2)
  5 guardian mummies
  A yellow draconian skeleton (Crypt:3)
  3 harpy zombies
  35 merfolk
  3 meliai (D:14)
  7 wind drakes
  A tyrant leech (shapeshifter) (Vaults:2)
  4 trolls
  A polar bear (Lair:3)
  6 raiju (Abyss:2)
  Grinder (D:6)
  A tarantella zombie (Crypt:1)
  2 spectral elephants (Lair:5)
  16 blink frogs
  9 snapping turtles
  15 dream sheep
  2 ettin zombies
  12 flying skulls (Gauntlet)
  A dream sheep (shapeshifter) (Vaults:1)
  A human simulacrum (Vaults:3)
  Sigmund (D:3)
  2 black mamba zombies (Crypt:1)
  18 water elementals
  A centaur simulacrum (D:14)
  2 dire elephant simulacra
  A ynoxinul (Abyss:2)
  8 wraiths
  4 wyverns
  A spriggan skeleton (D:15)
  An ushabti (Crypt:3)
  7 fire bats
  43 yaks
  A slime creature zombie (Crypt:2)
  3 hogs (Lair:5)
  16 humans (D:14)
  2 basilisks
  A chaos spawn (Abyss:2)
  2 steam dragons
  4 vampire mosquitoes (D:14)
  A naga zombie (Crypt:3)
  5 wargs
  2 nagas (Lair:3)
  5 acid dragons
  Edmund (D:6)
  A two-headed ogre zombie (Crypt:1)
  9 water moccasins
  A hell hound (Volcano)
  A spectral cane toad (Lair:5)
  2 demonspawn skeletons
  2 glowing shapeshifter skeletons (Vaults:3)
  A deep troll skeleton (Crypt:3)
  31 orc warriors
  A sky beast (D:6)
  A black bear (D:5)
  A hornet zombie (WizLab)
  An ice beast (Abyss:2)
  An ogre (Orc:2)
  A boggart (Vaults:3)
  A swamp dragon skeleton (Crypt:3)
  12 wolves
  10 centaurs
  A phantom (D:5)
  A komodo dragon zombie (Crypt:2)
  7 bullfrogs
  2 small abominations (Abyss:2)
  A human zombie (Vaults:3)
  Blork the orc (D:6)
  A necrophage (Crypt:3)
  A naga simulacrum (Crypt:3)
  2 gnoll sergeants
  3 kobold brigands
  2 scorpions
  3 human skeletons (Vaults:3)
  18 wights
  A raiju zombie (WizLab)
  A shapeshifter zombie (Crypt:2)
  13 killer bees
  A shapeshifter skeleton (Crypt:2)
  7 electric eels
  A jelly (D:6)
  A quasit (Abyss:2)
  19 orc priests
  3 gnoll boudas
  A hound (D:6)
  Jessica (D:2)
  4 iguanas
  25 orc wizards
  Terence (D:3)
  A tengu zombie (Crypt:1)
  A hound zombie (Crypt:2)
  15 mummies (Crypt:3)
  Robin (D:3)
  20 gnolls
  9 adders
  3 river rats (Sewer)
  3 shadow imps
  A white imp (D:5)
  An ufetubus (D:4)
  A jelly zombie (Crypt:2)
  3 worms
  12 dart slugs
  93 orcs
  4 endoplasms
  2 giant cockroaches (D:2)
  14 goblins
  10 hobgoblins
  7 jackals
  2 quokkas
  10 ball pythons
  7 bats
  A dart slug zombie (Crypt:1)
  4 frilled lizards
  A hobgoblin skeleton (Crypt:3)
  A jackal skeleton (Crypt:2)
  36 kobolds
  32 rats
  A rat zombie (Crypt:3)
1447 creatures vanquished.

Vanquished Creatures (collateral kills)
  A stone giant zombie (WizLab)
  A spriggan zombie (WizLab)
2 creatures vanquished.

Grand Total: 1449 creatures vanquished

Notes
Turn   | Place    | Note
-------+----------+-------------------------------------------
     0 | D:1      | DocEon the Minotaur Berserker began the quest for the Orb.
     0 | D:1      | Reached XP level 1. HP: 19/19 MP: 0/0
   209 | D:1      | Reached XP level 2. HP: 19/26 MP: 1/1
   505 | D:2      | Reached ** piety under Trog
   509 | D:2      | Reached skill level 5 in Axes
   557 | D:2      | Reached XP level 3. HP: 24/31 MP: 2/2
   818 | D:2      | Found a broken altar of Ashenzari.
   883 | D:2      | Noticed Jessica
   892 | D:2      | Killed Jessica
   893 | D:2      | Reached XP level 4. HP: 26/39 MP: 3/3
  1254 | D:3      | Noticed Terence
  1263 | D:3      | Noticed Robin
  1266 | D:3      | Killed Terence
  1279 | D:3      | Killed Robin
  1280 | D:3      | Reached XP level 5. HP: 38/45 MP: 4/4
  1392 | D:3      | Noticed Sigmund
  1433 | D:3      | Killed Sigmund
  1434 | D:3      | Reached XP level 6. HP: 51/51 MP: 5/5
  1577 | D:3      | Found a glowing drain.
  1588 | Sewer    | Entered a sewer
  1641 | Sewer    | Reached *** piety under Trog
  2096 | Sewer    | Reached **** piety under Trog
  2691 | D:4      | Reached XP level 7. HP: 49/57 MP: 6/6
  3469 | D:5      | Entered Level 5 of the Dungeon
  3606 | D:5      | Reached skill level 10 in Axes
  3957 | D:5      | Reached XP level 8. HP: 37/64 MP: 7/7
  4163 | D:5      | Found a hide-covered altar of Uskayaw.
  4271 | D:5      | Found a staircase to the Ecumenical Temple.
  4411 | D:6      | Noticed Blork the orc
  4419 | D:6      | Killed Blork the orc
  5373 | D:6      | Noticed Edmund
  5390 | D:6      | Killed Edmund
  5887 | D:6      | Noticed Grinder
  5901 | D:6      | Killed Grinder
  5902 | D:6      | Reached XP level 9. HP: 53/70 MP: 8/8
  6741 | D:7      | Reached skill level 15 in Axes
  7975 | D:8      | Reached XP level 10. HP: 23/77 MP: 9/9
  9131 | D:9      | Noticed a two-headed ogre
  9143 | D:9      | Reached skill level 5 in Fighting
  9150 | D:9      | Killed a two-headed ogre
  9151 | D:9      | Reached skill level 5 in Armour
  9384 | D:9      | HP: 5/124 [orc warrior/+0 halberd (8)]
  9388 | D:9      | HP: 2/126 [something (1)]
  9393 | D:9      | HP: 4/84 [poisoned by an orc wizard]
  9512 | D:9      | Found a hazy altar of Hepliaklqana.
  9601 | D:9      | Reached ***** piety under Trog
  9613 | D:9      | Reached XP level 11. HP: 52/91 MP: 10/10
  9888 | D:9      | Found a staircase to the Orcish Mines.
 10098 | D:9      | Found a runed translucent gate.
 10099 | D:9      | Found a runed translucent gate.
 10099 | D:9      | Noticed bigduke15's ghost (novice AtFi)
 10100 | D:9      | Found a runed translucent gate.
 10101 | D:9      | Identified the +0 chain mail "Voapt" {Harm Will+}
 10758 | D:9      | Found the +3 pair of seven-league boots {Rampage+∞}
 10779 | D:9      | Killed bigduke15's ghost
 10915 | D:10     | Entered Level 10 of the Dungeon
 10923 | D:10     | Reached skill level 5 in Dodging
 11097 | D:10     | Found a stormy altar of Qazlal.
 12149 | D:11     | Noticed a two-headed ogre
 12157 | D:11     | Killed a two-headed ogre
 12647 | D:11     | Noticed a two-headed ogre
 12660 | D:11     | Killed a two-headed ogre
 12897 | D:11     | Found Numaibi's Antique Weapon Boutique.
 12919 | D:11     | Found a staircase to the Lair.
 12927 | D:11     | Noticed a two-headed ogre
 12933 | D:11     | Killed a two-headed ogre
 13433 | D:11     | Found a large runed translucent door.
 13434 | D:11     | Found a large runed translucent door.
 13437 | D:11     | Noticed bahustanut's ghost (journeyman DsGl)
 13461 | D:11     | Killed bahustanut's ghost
 13462 | D:11     | Reached skill level 10 in Fighting
 13585 | D:12     | Noticed a two-headed ogre
 13591 | D:12     | Killed a two-headed ogre
 13592 | D:12     | Reached XP level 12. HP: 89/106 MP: 9/11
 13915 | D:12     | Reached skill level 10 in Armour
 14964 | D:13     | Noticed a centaur warrior
 14964 | D:13     | Noticed a centaur warrior
 14968 | D:13     | Killed a centaur warrior
 14969 | D:13     | Reached skill level 1 in Throwing
 14972 | D:13     | Killed a centaur warrior
 15121 | D:13     | Noticed a centaur warrior
 15128 | D:13     | Killed a centaur warrior
 15350 | D:13     | Noticed a boulder beetle
 15364 | D:13     | Killed a boulder beetle
 15794 | D:14     | Noticed a centaur warrior
 15794 | D:14     | Noticed a two-headed ogre
 15794 | D:14     | Found a gate to the Vaults.
 15798 | D:14     | Killed a centaur warrior
 15808 | D:14     | Killed a two-headed ogre
 15814 | D:14     | Reached XP level 13. HP: 118/118 MP: 8/12
 15881 | D:14     | Identified the +2 chain mail of Filigreed Miracles {Will+}
 15908 | D:14     | Identified the +3 spear "Daopn" {flame, rCorr Str-4 Int+6}
 15981 | D:14     | Found Qeghemunt's Antique Artefacts.
 16082 | D:14     | Found a gate leading to a gauntlet.
 16087 | Gauntlet | Entered a Gauntlet
 16087 | Gauntlet | Found a transporter.
 16125 | Gauntlet | Found a transporter.
 16127 | Gauntlet | Found a transporter.
 16128 | Gauntlet | Found a transporter.
 16139 | Gauntlet | Found a transporter.
 16139 | Gauntlet | Found a transporter.
 16140 | Gauntlet | Found a transporter.
 16151 | Gauntlet | Found a transporter.
 16151 | Gauntlet | Found a transporter.
 16152 | Gauntlet | Found a transporter.
 16160 | Gauntlet | Found a transporter.
 16163 | Gauntlet | Found a transporter.
 16164 | Gauntlet | Found a transporter.
 16172 | Gauntlet | Found a transporter.
 16583 | Gauntlet | Identified the amulet of Qieguble {Spirit *Slow rN+ rCorr
                  | Int+3}
 16624 | Gauntlet | Identified the -1 pair of boots of Marbles {Harm rF+ rN+
                  | Int-5}
 16653 | Gauntlet | Identified the +0 ring mail of Leapfrog {*Corrode rPois rC-
                  | rN+++}
 16653 | Gauntlet | Identified the ring of Suadgha {Wiz rF+ rCorr}
 16653 | Gauntlet | Noticed a minotaur
 16669 | Gauntlet | Killed a minotaur
 16684 | Gauntlet | Identified the +0 pair of gloves "Nimoduab" {+Inv}
 16731 | D:14     | Bought a flickering marble ring for 135 gold pieces
 16731 | D:14     | Identified the ring "Xoasodue" {rC+++ Str+6 Slay+5 SInv
                  | Stlth-} (You bought it in a shop on level 14 of the
                  | Dungeon)
 16731 | D:14     | Bought a jewelled chain mail for 256 gold pieces
 16731 | D:14     | Identified the +1 chain mail "Seitwob" {Str+3 Dex+3 Stlth+}
                  | (You bought it in a shop on level 14 of the Dungeon)
 16733 | D:14     | Identified the +5 ring mail of the Cockatrice {Regen+
                  | Int+2}
 16823 | D:14     | Identified the +12 battleaxe "Gypel" {flame, +Blink rElec
                  | rN+++ Int-3} (Trog gifted it to you on level 14 of the
                  | Dungeon)
 16823 | D:14     | Received a gift from Trog
 17155 | D:14     | Reached skill level 5 in Throwing
 17587 | Lair:1   | Entered Level 1 of the Lair of Beasts
 17841 | Lair:1   | Reached XP level 14. HP: 124/132 MP: 11/13
 18600 | Lair:2   | Found a dark tunnel.
 18687 | Volcano  | Entered a volcano
 19009 | Lair:2   | Noticed Urug
 19014 | Lair:2   | Killed Urug
 19410 | Lair:2   | Found a staircase to the Shoals.
 19877 | Lair:3   | Found a staircase to the Snake Pit.
 20156 | Lair:3   | Noticed Rupert
 20162 | Lair:3   | Killed Rupert
 20317 | Lair:3   | Reached skill level 15 in Fighting
 20574 | Lair:4   | Reached skill level 10 in Dodging
 20696 | Lair:4   | Reached skill level 15 in Armour
 20786 | Lair:4   | Received a gift from Trog
 21573 | Lair:5   | Entered Level 5 of the Lair of Beasts
 22211 | Lair:5   | Reached XP level 15. HP: 143/143 MP: 14/14
 22244 | Lair:5   | Received a gift from Trog
 22439 | Lair:5   | Noticed Kirke
 22449 | Lair:5   | Killed Kirke
 22576 | Lair:5   | Identified the +0 robe of Leapfrog {*Slow rC+++ Int-3
                  | Slay+3}
 22773 | Lair:5   | Found a staircase to the Slime Pits.
 23079 | Orc:1    | Entered Level 1 of the Orcish Mines
 23086 | Orc:1    | Reached ****** piety under Trog
 23326 | Orc:2    | Entered Level 2 of the Orcish Mines
 23326 | Orc:2    | Found Rovvuikh's Assorted Antiques.
 23349 | Orc:2    | Received a gift from Trog
 23499 | Orc:2    | Bought a glowing cloak for 180 gold pieces
 23499 | Orc:2    | Bought a scroll of teleportation for 72 gold pieces
 23499 | Orc:2    | Bought a scroll of identify for 48 gold pieces
 23650 | Orc:2    | Found a staircase to the Elven Halls.
 23846 | Orc:2    | Found Roomyire's Jewellery Shop.
 23846 | Orc:2    | Found Adolac's Antique Armour Shop.
 23858 | Orc:2    | Found Namnyank's Weapon Emporium.
 23861 | Orc:2    | Found Vinur's Antique Armour Emporium.
 24045 | Orc:2    | Bought an amulet of reflection for 420 gold pieces
 24067 | Orc:2    | Bought a pair of glowing gloves for 180 gold pieces
 24082 | Orc:2    | Bought the +8 frozen axe "Frostbite" {freeze, freezing
                  | cloud, *Noise Fly rC+} for 917 gold pieces
 24082 | Orc:2    | Found the +8 frozen axe "Frostbite" {freeze, freezing
                  | cloud, *Noise Fly rC+}
 24597 | Snake:1  | Entered Level 1 of the Snake Pit
 24648 | Shoals:1 | Entered Level 1 of the Shoals
 25273 | Shoals:1 | Received a gift from Trog
 25903 | Shoals:2 | Noticed Jorgrun
 25934 | Shoals:2 | Killed Jorgrun
 25982 | Shoals:2 | Reached XP level 16. HP: 67/157 MP: 0/15
 27237 | Shoals:3 | Received a gift from Trog
 28707 | Shoals:4 | Entered Level 4 of the Shoals
 29620 | Shoals:4 | Reached XP level 17. HP: 97/168 MP: 6/16
 29799 | Shoals:4 | Got a barnacled rune of Zot
 30345 | Shoals:4 | Identified the +3 dagger "Wucyff" {pain, Drain rC+++ Will-
                  | rCorr}
 30474 | Shoals:4 | Identified the staff of Causality {Int+4 Earth}
 31007 | D:15     | Entered Level 15 of the Dungeon
 31614 | D:15     | Noticed Agnes
 31628 | D:15     | Killed Agnes
 31630 | D:15     | Received a gift from Trog
 31815 | D:15     | Found a staircase to the Depths.
 32272 | Vaults:1 | Entered Level 1 of the Vaults
 32615 | Vaults:1 | Identified the +3 chain mail of Valour {Fly rCorr MP-9
                  | Dex+5}
 32664 | Vaults:1 | Found a magical portal.
 32697 | WizLab   | Entered Doroklohe's Tomb
 32925 | WizLab   | Noticed a dread lich
 32936 | WizLab   | Received a gift from Trog
 32938 | WizLab   | Killed a dread lich
 33846 | Vaults:1 | Reached XP level 18. HP: 176/180 MP: 4/17
 33850 | Vaults:1 | Identified the +0 leather armour of the Other Side {rF-
                  | Regen+ rCorr Dex-5}
 34051 | Vaults:1 | Identified the +10 flail of Judgement {freeze, +Blink rF+
                  | Stlth+}
 34458 | Vaults:1 | Received a gift from Trog
 34926 | Vaults:1 | Noticed Nikola
 34932 | Vaults:1 | Killed Nikola
 35263 | Vaults:2 | Noticed Xtahua
 35269 | Vaults:2 | Killed Xtahua
 35292 | Vaults:2 | Noticed Jory
 35304 | Vaults:2 | Killed Jory
 36090 | Vaults:2 | Noticed Frederick
 36095 | Vaults:2 | Killed Frederick
 36327 | Vaults:2 | Found Zomauz's Antique Armour Boutique.
 36526 | Vaults:2 | Noticed Asterion
 36530 | Vaults:2 | Killed Asterion
 37322 | Vaults:2 | Received a gift from Trog
 37713 | Abyss:2  | Cast into level 2 of the Abyss (a wizard)
 37880 | Abyss:2  | Reached XP level 19. HP: 165/191 MP: 0/18
 38195 | Vaults:3 | Escaped the Abyss
 38299 | Vaults:3 | Found a flickering gateway to a bazaar.
 38308 | Bazaar   | Entered a bazaar
 38308 | Bazaar   | Found Gewnomao's Assorted Antiques.
 38372 | Bazaar   | Found Qugum's Assorted Antiques.
 38405 | Bazaar   | Found Gaeheuhi's Weapon Shoppe.
 38413 | Bazaar   | Found Tatseowe's Magic Scroll Emporium.
 38421 | Bazaar   | Bought a scroll of blinking for 75 gold pieces
 38421 | Bazaar   | Bought a scroll of blinking for 75 gold pieces
 38421 | Bazaar   | Bought a scroll of teleportation for 30 gold pieces
 38421 | Bazaar   | Bought a scroll of revelation for 75 gold pieces
 38758 | Vaults:3 | Identified the +1 leather armour "Habar" {rPois Will+
                  | Str-3}
 38812 | Vaults:3 | Reached skill level 15 in Dodging
 38902 | Vaults:3 | Received a gift from Trog
 39519 | Vaults:3 | Found a staircase to the Crypt.
 39665 | Vaults:3 | Noticed Norris
 39678 | Vaults:3 | Killed Norris
 39946 | Vaults:3 | Received a gift from Trog
 40501 | Crypt:1  | Entered Level 1 of the Crypt
 40632 | Crypt:1  | Paralysed by a vampire knight for 4 turns
 40751 | Crypt:1  | Found a large runed translucent door.
 40751 | Crypt:1  | Found a large runed translucent door.
 40796 | Crypt:1  | Noticed Waukhla's ghost (veteran KoBr)
 41202 | Crypt:1  | Reached XP level 20. HP: 204/204 MP: 15/19
 41252 | Crypt:1  | Received a gift from Trog
 42525 | Crypt:1  | Killed Waukhla's ghost
 43830 | Crypt:3  | Entered Level 3 of the Crypt
 44082 | Crypt:3  | Received a gift from Trog
 44146 | Crypt:3  | Noticed Khufu
 44155 | Crypt:3  | Killed Khufu
 44385 | Crypt:3  | Found a runed translucent door.
 44396 | Crypt:3  | Noticed Hyrrirob's ghost (veteran GrEE)
 45163 | Crypt:3  | Noticed a curse toe
 45164 | Crypt:3  | Identified the +3 battleaxe of Heyci {flame, rCorr Str+3
                  | Dex+2} (Trog gifted it to you on level 3 of the Crypt)
 45164 | Crypt:3  | Received a gift from Trog
 45179 | Crypt:3  | Killed a curse toe
 45185 | Crypt:3  | Noticed a curse toe
 45452 | Crypt:3  | Killed a curse toe
 45553 | Crypt:3  | Found an ancient bone altar of Kikubaaqudgha.
 45560 | Crypt:3  | Found a basalt altar of Yredelemnul.
 45636 | Crypt:3  | Identified the staff "Cueklol" {Fly rElec Int+6 Air}
 45660 | Crypt:3  | Identified the +6 quarterstaff of Moasil {flame, *Noise
                  | rPois rC+ Will+}
 45661 | Crypt:3  | Identified the amulet "Ymuih" {RegenMP rPois rN+}
 45804 | Crypt:3  | Killed Hyrrirob's ghost
 45993 | Crypt:3  | Found a staircase to the Tomb.
 46123 | Crypt:3  | Reached XP level 21. HP: 195/215 MP: 5/20
 46524 | Vaults:4 | Received a gift from Trog
 46531 | Vaults:4 | HP: 8/216 [ironbound thunderhulk/bolt of lightning (55)]
 46531 | Vaults:4 | Killed from afar by an ironbound thunderhulk

Illustrated notes

Levels and vault maps discovered:
D:1:      minmay_arrival_glassed_features, layout_rooms
D:2:      layout_rooms, basic_altar, kennysheep_nondescript, uniq_jessica
D:3:      layout_loops_cross, portal_sewer_entry_d, uniq_robin, uniq_sigmund,
          uniq_terence
D:4:      layout_rooms, nicolae_overflow_hidden_temple,
          nicolae_underground_beach
D:5:      layout_basic, kennysheep_mini, temple_hall
D:6:      layout_layer_cave, uniq_grinder, uniq_edmund, uniq_blork_the_orc
D:7:      kennysheep_slugbush, layout_basic
D:8:      layout_basic, nicolae_lava_and_water
D:9:      layout_stronghold, mainiacjoe_overflow_tiny_flanked, erik_orc_2,
          biasface_ghost_orc_armoury
D:10:     layout_cave_pods, nicolae_overflow_crystal_walls, dk_noncrumbling_3
D:11:     layout_basic, dpeg_oklobed_lair, ebering_ghost_disaster_area,
          serial_shops, nicolae_shop_tiny_waterfront
D:12:     layout_loops_corners
D:13:     layout_stronghold
D:14:     layout_basic, david_vaults_3, gauntlet_entry_generic,
          nicolae_antique_artefacts, grunt_potential
D:15:     gammafunk_depths_entry_grave, layout_loops_corners,
          nicolae_triple_integral, uniq_agnes
Lair:1:   layout_small_grid
Lair:2:   layout_cave_pods, minmay_shoals_entry_hut,
          nicolae_volcano_entry_lava_flow, uniq_urug
Lair:3:   layout_gridlike, guppyfry_snake_entry_island, uniq_rupert
Lair:4:   layout_cave_pods
Lair:5:   due_jungle_book, layout_misc_corridors, slime_entry_1,
          lemuel_fruit_tree, infiniplex_staircase_pool_2, uniq_kirke
Shoals:1: layout_shoals, nicolae_shoals_this_corrosion
Shoals:2: layout_shoals, hangedman_shoal_volcano, uniq_jorgrun
Shoals:3: argonaut_golden_fleece, layout_shoals
Shoals:4: shoals_end_grunt_garden, layout_shoals
Snake:1:  layout_misc_corridors, serial_shops, nicolae_shop_tiny_statue_garden,
          serial_bayou_pond_e, nicolae_shop_vocational
Orc:1:    layout_caves, mines2_david, uniq_nergalle
Orc:2:    st_orc_elflike, layout_caves, serial_shops, shop, mines_bat_river
Vaults:1: infiniplex_enter_wizlab_spiral, hangedman_vaults_stream,
          nicolae_vaults_tetromino_L_2, ontoclasm_vaults_pinch,
          nicolae_vaults_network_periphery, nicolae_vaults_closet_pinwheel_2,
          hangedman_vaults_nodes, nicolae_vaults_tetromino_Z_2,
          nicolae_vaults_trapezoid_lopsided_2, st_more_cells,
          nicolae_vaults_cochlea, nicolae_vaults_little_squares_6, v_misc_9,
          nicolae_vaults_trapezoid_lopsided_4, nicolae_vaults_little_squares_6,
          layout_vaults_omnibox, uniq_nikola
Vaults:2: ontoclasm_vaults_ligature, nicolae_vaults_whirlpool_walls, v_misc_16,
          nicolae_vaults_rhombus_5, v_misc_11, nicolae_vaults_diamond_1,
          ontoclasm_vaults_chip, nicolae_vaults_circle_grid_a,
          nicolae_vaults_tangram_1, ontoclasm_vaults_hangar,
          nicolae_vaults_trapezoid_lopsided_3, nicolae_vaults_alarming,
          layout_vaults_big_room, serial_shops, nicolae_shop_tiny_glass,
          uniq_jory, uniq_frederick, uniq_asterion, uniq_xtahua
Vaults:3: v_alt_pattern_6, v_misc_32, vaults_mumra_chevron,
          ontoclasm_vaults_twist, minmay_crypt_entry_skeletal_spiral,
          nicolae_vaults_storage_closets_2, hangedman_vaults_maws,
          nicolae_vaults_trapezoid_3, nicolae_vaults_tetromino_L_1,
          nicolae_vaults_meiosis, layout_vaults_ring, serial_shops,
          bzr_entry_dummy, uniq_norris
Vaults:4: nicolae_vaults_puzzle_piece, vaults_room_pools, st_lines,
          hangedman_vaults_snaps, vaults_mumra_hex, v_pattern_3,
          vaults_room_door_hall, layout_vaults_omnigrid
Crypt:1:  layout_basic, ebering_ghost_disaster_area, grunt_megastairs_1
Crypt:2:  statuecave_lemuel, layout_basic
Crypt:3:  lightli_unholy_cathedral, layout_chaotic_city,
          nicolae_tomb_entry_unfolded_pyramid_diagonal, hellmonk_ghost_big_iron,
          hex_large, uniq_khufu

Skill      XL: |  1  2  3  4  5  6  7  8  9 10 11 12 13 14 15 16 17 18 19 20 |
---------------+-------------------------------------------------------------+-----
Axes           | 4 5 6 7 8 9 11 14 17 18 19 20 21 22 23 | 23.5
Fighting       | 6 10 12 14 15 17 19 20 22 23 24 | 24.9
Armour         | 6 9 11 13 15 17 19 20 22 23 24 | 24.8
Dodging        | 4 6 7 9 10 11 12 13 14 15 16 | 16.6
Throwing       | 3 5 |  5.0

Action                     |  1- 3 |  4- 6 |  7- 9 | 10-12 | 13-15 | 16-18 | 19-21 || total
---------------------------+-------+-------+-------+-------+-------+-------+-------++-------
  Melee: Hand axe          |    86 |   170 |   185 |       |       |       |       ||   441
         Headbutt          |    10 |    20 |    62 |    97 |   143 |   199 |   233 ||   764
         Punch             |     1 |     2 |     3 |     8 |     3 |       |       ||    17
         Broad axe         |       |       |   105 |   316 |    94 |       |       ||   515
         Battleaxe         |       |       |       |   153 |   408 |   367 |   727 ||  1655
         Flail             |       |       |       |       |    10 |       |       ||    10
         Executioner's axe |       |       |       |       |   123 |   400 |    93 ||   616
  Throw: Boomerang         |       |       |       |     1 |     3 |       |       ||     4
         Javelin           |       |       |       |       |       |     1 |       ||     1
 Invoke: Berserk           |       |     2 |     8 |    11 |     6 |       |     2 ||    29
         Trog's Hand       |       |     1 |     6 |     6 |    12 |    12 |     7 ||    44
         Brothers in Arms  |       |       |       |       |       |     1 |       ||     1
  Evoke: Wand              |       |       |    17 |    16 |       |       |       ||    33
    Use: Scroll            |       |     5 |     8 |     9 |     9 |    10 |     1 ||    42
         Potion            |       |     1 |       |     1 |     4 |     6 |     4 ||    16
   Stab: Distracted        |       |       |       |       |       |     1 |       ||     1
 Armour: Chain mail        |    60 |   114 |       |       |   446 |   536 |   418 ||  1574
         Animal skin       |     3 |       |       |       |       |       |       ||     3
         Skin              |       |    28 |       |       |       |       |       ||    28
         Ring mail         |       |    13 |   232 |   382 |    54 |       |       ||   681
  Dodge: Dodged            |    38 |    66 |   130 |   253 |   261 |   365 |   311 ||  1424
  Block: Other             |       |       |       |       |    35 |   133 |    77 ||   245
         Reflection        |       |       |       |       |     7 |    25 |     3 ||    35

Table legend: (Time is in decaauts)
 A = Elapsed time spent in this place.
 B = Non-inter-level travel time spent in this place.
 C = Inter-level travel time spent in this place.
 D = Time resting spent in this place.
 E = Time spent auto-exploring this place.
 F = Levels seen in this place.
 G = Mean time per level.
                   A        B        C        D        E       F      G
               +--------+--------+--------+--------+--------+-----+--------+
         Total |  46164 |  43538 |   2626 |   7264 |  29512 |  40 | 1154.1 |
       Dungeon |  17836 |  16377 |   1459 |   2869 |  10875 |  15 | 1189.1 |
          Lair |   5216 |   4812 |    404 |    284 |   3946 |   5 | 1043.2 |
        Shoals |   5945 |   5733 |    212 |   1102 |   3890 |   4 | 1486.2 |
     Snake Pit |      1 |      0 |      1 |      0 |      0 |   1 |    1.0 |
  Orcish Mines |   1463 |   1279 |    184 |     57 |   1057 |   2 |  731.5 |
        Vaults |   6927 |   6741 |    186 |   1508 |   4200 |   4 | 1731.8 |
         Crypt |   5704 |   5527 |    177 |    669 |   4047 |   3 | 1901.3 |
         Abyss |    461 |    461 |      0 |    102 |    212 |   1 |  461.0 |
        Bazaar |    130 |    130 |      0 |      7 |    103 |   1 |  130.0 |
         Sewer |    787 |    787 |      0 |    204 |    436 |   1 |  787.0 |
       Volcano |    314 |    314 |      0 |      2 |    208 |   1 |  314.0 |
        Wizlab |    735 |    735 |      0 |    228 |    370 |   1 |  735.0 |
      Gauntlet |    638 |    638 |      0 |    230 |    167 |   1 |  638.0 |
               +--------+--------+--------+--------+--------+-----+--------+

Top non-repeatable levels by time:
     D:9: 2552 daAuts
 Crypt:3: 2453 daAuts
Vaults:2: 2378 daAuts
Vaults:3: 2355 daAuts
Vaults:1: 2154 daAuts
Shoals:3: 2068 daAuts
 Crypt:1: 2053 daAuts
     D:6: 1989 daAuts
    D:11: 1402 daAuts
    D:10: 1360 daAuts
Shoals:4: 1340 daAuts
    D:12: 1338 daAuts
Shoals:1: 1322 daAuts
  Lair:5: 1284 daAuts
     D:7: 1260 daAuts
